 Dungeon Crawl Stone Soup version 0.31.0-11-ge490571c62 (webtiles) character file.

Game seed: 8209598341142198390

199385 browni3141 the Severer (level 17, -5/160 HPs)
             Began as a Minotaur Fighter on Jan 28, 2024.
             Was a High Priest of Okawaru.
             Slain by a rockslime (31 damage)
             ... on level 4 of the Lair of Beasts.
             The game lasted 00:22:00 (20703 turns).

browni3141 the Severer (Minotaur Fighter)          Turns: 20703, Time: 00:22:01

Health: -5/160     AC: 27    Str: 28    XL:     17   Next: 20%
Magic:  22/26      EV:  9    Int:  9    God:    Okawaru [*****.]
Gold:   2061       SH: 15    Dex:  9    Spells: 16/16 levels left

rFire   . . .        b - +4 broad axe (venom)
rCold   . . .        c - +2 kite shield {reflect}
rNeg    . . .        i - +11 plate armour "Pikych" {^Contam Will++}
rPois   +            (helmet restricted)
rElec   .            M - +0 cloak
rCorr   +            O - +1 pair of gloves
SInv    .            U - +0 pair of boots
Will    +++..        D - amulet of regeneration Stlth
                     J - ring of resist corrosion
HPRegen 1.26/turn    x - +4 ring of protection
MPRegen 0.20/turn

%: reflection
@: heroic, finesse-ful, corroded
A: horns 2, retaliatory headbutt, iridescent scales 1, clever 1, passive freeze,
poison resistance, MP-powered wands
}: 2/15 runes: barnacled, gossamer
a: Renounce Religion, Heroism, Finesse, Duel


You were on level 4 of the Lair of Beasts.
You worshipped Okawaru.
Okawaru was extremely pleased with you.
You visited 7 branches of the dungeon, and saw 28 of its levels.
You also visited: Ice Cave.

You collected 2225 gold pieces.
You spent 164 gold pieces at shops.

Inventory:

Hand Weapons
 a - a +0 war axe of flaming
 b - a +4 broad axe of venom (weapon)
Missiles
 t - 3 javelins
 A - a throwing net
 G - 10 curare-tipped darts
 L - 18 silver javelins
 S - 36 boomerangs (quivered)
Armour
 c - a +2 kite shield of reflection (worn)
 i - the +11 plate armour "Pikych" (worn) {^Contam Will++}
   (Okawaru gifted it to you on level 3 of the Lair of Beasts)

   Will++:    It greatly increases your willpower.
   ^Contam:   It causes magical contamination when unequipped.
 M - a +0 cloak (worn)
 O - a +1 pair of gloves (worn)
 U - a +0 pair of boots (worn)
 V - a +0 tower shield
Jewellery
 g - a +5 ring of evasion
 k - a ring of protection from fire
 x - a +4 ring of protection (right hand)
 D - an amulet of regeneration (around neck)
 E - the ring "Nukk" {Ice ^Drain Will+ rCorr Stlth+}
   (You found it in an ice cave)

   [ring of ice]

   Ice:       It enhances your ice magic.
   rF-:       It makes you vulnerable to fire.
   rC+:       It protects you from cold.
   Will+:     It increases your willpower.
   rCorr:     It protects you from acid and corrosion.
   ^Drain:    It drains your maximum health when unequipped.
   Stlth+:    It makes you more stealthy.
 J - a ring of resist corrosion (left hand)
 P - a ring of ice
Wands
 l - a wand of paralysis (34)
 m - a wand of acid (5)
 w - a wand of polymorph (3)
 H - a wand of iceblast (20)
 I - a wand of mindburst (17)
 K - a wand of digging (9)
 R - a wand of flame (10)
Scrolls
 h - 2 scrolls of blinking
 n - 2 scrolls of vulnerability
 p - 4 scrolls of poison
 q - 2 scrolls of immolation
 v - 2 scrolls of revelation
 y - 2 scrolls of summoning
 z - 5 scrolls of teleportation
 B - 4 scrolls of fog
 T - 2 scrolls of noise
 Z - a scroll of silence
Potions
 d - a potion of ambrosia
 e - a potion of degeneration
 f - 6 potions of attraction
 j - 8 potions of curing
 o - 3 potions of invisibility
 r - 2 potions of might
 s - a potion of heal wounds
 u - 7 potions of haste
 C - 6 potions of enlightenment
 F - 3 potions of mutation
 N - a potion of magic {unknown}
 Q - 2 potions of lignification {unknown}
 W - 4 potions of cancellation
 X - 2 potions of resistance {unknown}


   Skills:
 + Level 16.7(21.7) Fighting
 - Level 18.0(23.0) Axes
 * Level 11.9(16.9) Throwing
 * Level 15.6(20.6) Armour
 * Level 13.6(18.6) Shields
 - Level 14.0 Invocations


You had 16 spell levels left.
You didn't know any spells.
Your spell library contained the following spells:

 Spells                   Type           Power      Damage    Failure   Level
 Kiss of Death            Conj/Necr      0%         2d5       91%         1
 Magic Dart               Conj           0%         1d3       91%         1
 Blink                    Tloc           0%         N/A       97%         2
 Ensorcelled Hibernation  Hex/Ice        0%         N/A       97%         2
 Lesser Beckoning         Tloc           0%         N/A       97%         2
 Mercury Vapours          Alch/Air       0%         N/A       97%         2
 Momentum Strike          Conj/Tloc      0%         3d8       97%         2
 Searing Ray              Conj           0%         2d4       97%         2
 Static Discharge         Conj/Air       0%         3-3/arc   97%         2
 Sublimation of Blood     Necr           0%         N/A       97%         2
 Confusing Touch          Hex            0%         N/A       100%        3
 Fugue of the Fallen      Necr           0%         N/A       100%        3
 Mephitic Cloud           Conj/Alch/Air  0%         N/A       100%        3
 Vampiric Draining        Necr           0%         2d6       100%        3
 Airstrike                Air            0%         2d(0-16)  100%        4
 Anguish                  Hex/Necr       0%         N/A       100%        4
 Dispel Undead            Necr           0%         3d6       100%        4
 Fulminant Prism          Conj/Alch      0%         3d5       100%        4
 Petrify                  Alch/Erth      0%         N/A       100%        4
 Freezing Cloud           Conj/Ice/Air   0%         6-21      100%        5
 Irradiate                Conj/Alch      0%         3d11      100%        5
 Metabolic Englaciation   Hex/Ice        0%         N/A       100%        5
 Discord                  Hex            0%         N/A       100%        8
 Chain Lightning          Conj/Air       0%         N/A       100%        9
 Call Imp                 Summ           Unusable   N/A       N/A         2
 Animate Dead             Necr           Unusable   N/A       N/A         4
 Summon Lightning Spire   Summ/Air       Unusable   N/A       N/A         4
 Summon Hydra             Summ           Unusable   N/A       N/A         7

Dungeon Overview and Level Annotations

Branches:
Dungeon (11/15)            Temple (1/1) D:5            Lair (5/5) D:8
 Shoals (4/4) Lair:3       Spider (4/4) Lair:2        Slime (1/5) Lair:4
    Orc (2/2) D:11            Elf (0/3) Orc:2         IceCv (visited)

Altars:
Ashenzari
Cheibriados
Dithmenos
Elyvilon
Fedhas
Gozag
Hepliaklqana
Kikubaaqudgha
Makhleb
Nemelex Xobeh
Okawaru
Qazlal
Ru
Sif Muna
Trog
Uskayaw
Vehumet
Wu Jian
Xom
Yredelemnul
Zin
The Shining One

Shops:
Orc:1 (   Orc:2 [*(=

Annotations:
Lair:4 exclusion: oklob plant
Spider:1 Roxanne


Innate Abilities, Weirdness & Mutations

You have a pair of horns on your head.
You reflexively headbutt those who attack you in melee.
You are partially covered in iridescent scales. (AC +2)
Your mind is acute. (Int +4, Str/Dex -1)
A frigid envelope surrounds you and freezes all who hurt you.
Your system is resistant to poisons. (rPois)
You expend magic power (3 MP) to strengthen your wands.


Message History

The slime creature hits you.
Two slime creatures merge to form a large slime creature.
You block the slime creature's attack.
The rockslime hits you but does no damage.
The rockslime is very cold.
The rockslime is lightly wounded.
The acid blob hits you! The acid corrodes you!
You are splashed with acid.
You resist.
The acid blob is very cold.
The acid blob is lightly wounded.
You climb upwards.
Welcome back to the Lair of Beasts!
Level annotation: exclusion: oklob plant
There is a staircase to the Slime Pits here.
You hit the very large slime creature but do no damage.
The very large slime creature looks as sick as possible!
The very large slime creature is almost dead.
You slash the large slime creature! You slash the rockslime!
You hit the slime creature. You slice the acid blob!!
The acid blob looks as sick as possible!
The acid corrodes you!
Your hands burn!
You block the very large slime creature's attack.
The slime creature hits you but does no damage.
The slime creature is very cold.
The slime creature is heavily wounded.
You block the rockslime's attack.
You slice the very large slime creature!!
You kill the very large slime creature!
Okawaru accepts your kill.
You hit the acid blob.
Your hands burn!
You hit the large slime creature. You hit the rockslime but do no damage.
You hit the slime creature but do no damage.
The slime creature looks as sick as possible!
The acid blob spits acid at you. The splash of acid hits you. You resist.
You slice the large slime creature!!
The large slime creature looks as sick as possible!
The large slime creature is severely wounded.
You hit the rockslime but do no damage. You slash the slime creature!
You slash the acid blob! The acid corrodes you!
Your hands burn!
The rockslime hits you but does no damage.
You block the slime creature's attack.
You slash the slime creature!
You kill the slime creature!
Okawaru accepts your kill.
You hit the rockslime. You barely miss the acid blob.
You hit the large slime creature but do no damage.
The large slime creature looks as sick as possible!
You block the acid blob's attack.
You barely miss the large slime creature.
Your headbutt misses the large slime creature.
The large slime creature is severely wounded.
You hit the rockslime but do no damage. You slash the acid blob!
The acid blob looks as sick as possible!
Your hands burn!
You barely miss the acid blob.
The acid blob is severely wounded.
You hit the large slime creature but do no damage.
You hit the rockslime but do no damage.
The rockslime is poisoned.
You block the rockslime's attack. The acid blob spits acid at you.
The splash of acid hits you but does no damage.
The acid corrodes you!
You block the large slime creature's attack.
You hit the acid blob.
The acid blob looks as sick as possible!
Your hands burn!
The acid blob is severely wounded.
You slash the large slime creature! You hit the rockslime but do no damage.
You slice the acid blob!!
You kill the acid blob!
Okawaru accepts your kill.
You hit the large slime creature but do no damage.
The large slime creature looks as sick as possible!
You hit the rockslime but do no damage. The rockslime hits you!!
You stumble backwards!
You slice the large slime creature!!
You headbutt the large slime creature, but do no damage.
The large slime creature is almost dead.
You hit the rockslime but do no damage.
You kill the large slime creature!
Okawaru accepts your kill.
You hit the rockslime but do no damage.
You headbutt the rockslime, but do no damage.
The rockslime is moderately wounded.
The rockslime hits you!
You hold your ground!
The rockslime is very cold.
The rockslime is moderately wounded.
You hit the rockslime but do no damage.
The rockslime looks as sick as possible!
The rockslime is moderately wounded.
You hit the rockslime but do no damage.
The rockslime is moderately wounded.
The rockslime hits you.
You stumble backwards!
You hit the rockslime but do no damage.
The rockslime looks as sick as possible!
You headbutt the rockslime, but do no damage.
The rockslime is moderately wounded.
You slash the rockslime!
You headbutt the rockslime, but do no damage.
The rockslime is heavily wounded.
The rockslime hits you!!
You die...

.##..##...#.########....########.
.....÷..######.##.......#.#.# #.
.....÷...####..#.......##...## #.
.....#...##..................# ##
..........##..##...........P#####
.....###...#..###....#....###...#
....####......##....###....#.P...
..### #...................#......
..# #.........@J>......###.....
.## ###................##.....#
..##### ##.....##...###.#.......#
#.#...## ##...###....##..#.......
..##...###..#..#......#.....##÷÷.
.###......##...............##....
###...........#....P..P...#.....#
#######.#.....##......#.......###
........#.#.#...#....P.P..#.[#.#.


You could see a rockslime (extremely poisoned).

Vanquished Creatures
  Arachne (Spider:4)
  3 acid blobs
  A kraken (Shoals:3)
  2 azure jellies
  Donald (Orc:2)
  A rockslime (Slime:1)
  2 emperor scorpions (Spider:4)
  5 ghost moths
  A cacodemon (D:10)
  An orc warlord (Orc:2)
  2 broodmothers (Spider:3)
  3 quicksilver oozes (IceCv)
  A minotaur (Shoals:4)
  2 spark wasps (Spider:4)
  A merfolk impaler (Shoals:4)
  A merfolk javelineer (Shoals:4)
  Josephine (D:10)
  2 entropy weavers
  A fire dragon (Lair:5)
  Erolcha (D:10)
  4 hydras
  Erica (D:11)
  3 alligator snapping turtles
  A catoblepas (Shoals:3)
  2 radroaches (Spider:4)
  3 jorogumos (Spider:4)
  2 two-headed ogres
  A boulder beetle (Lair:5)
  A merfolk aquamancer (Shoals:3)
  6 satyrs (Shoals:4)
  4 demonic crawlers
  13 death yaks
  2 orc high priests
  Nergalle (D:10)
  Sonja (Orc:1)
  The ghost of jestert79 the Grappler, a novice TrSh of Kikubaaqudgha (D:10)
  2 pharaoh ants
  A skyshark (Lair:4)
  5 sea snakes
  A sun moth (Spider:4)
  A swamp dragon (Lair:5)
  A glowing orange brain (D:10)
  A lindwurm (Lair:5)
  11 orb spiders
  4 orc knights
  3 harpies (Shoals:4)
  4 ugly things (D:10)
  21 wolf spiders
  Maurice (D:11)
  4 orc sorcerers (Orc:2)
  8 fauns
  10 manticores
  A cyclops (Orc:1)
  3 kobold blastminers
  2 moths of wrath (Spider:4)
  A water nymph (Shoals:1)
  4 meliai (Spider:4)
  7 merfolk sirens
  13 elephants
  5 black mambas
  2 black mambas (shapeshifter) (D:10)
  2 ice statues (IceCv)
  6 cane toads
  6 torpor snails
  Maggie (D:8)
  9 rime drakes
  2 kobold demonologists (D:10)
  11 komodo dragons
  3 trolls
  Psyche (D:8)
  7 merfolk
  7 polar bears
  Grinder (D:4)
  2 wind drakes
  2 snapping turtles (Shoals:4)
  18 tarantellas
  24 blink frogs
  A dream sheep (shapeshifter) (D:10)
  20 jumping spiders
  9 dream sheep
  5 shadows
  15 culicivoras
  12 slime creatures
  A vampire (D:11)
  A spriggan (shapeshifter) (D:10)
  4 water elementals
  A hog (D:10)
  2 basilisks
  55 yaks
  3 wraiths (D:10)
  7 wyverns
  4 wargs
  4 steam dragons
  37 redbacks
  A neqoxec (D:10)
  4 great orb of eyes simulacra (IceCv)
  3 acid dragons
  7 water moccasins
  22 orc warriors
  A swamp drake (Lair:5)
  A sky beast (D:7)
  3 ice beasts
  7 black bears
  3 ogres
  13 wolves
  6 centaurs
  3 phantoms
  3 slime creature simulacra (IceCv)
  5 kobold brigands
  11 bullfrogs
  A gnoll sergeant (D:9)
  5 glowing shapeshifter simulacra (IceCv)
  9 scorpions
  15 wights
  5 troll zombies (D:11)
  6 killer bees (D:8)
  2 howler monkeys
  7 jellies
  9 orc priests
  A hound (D:5)
  9 iguanas
  3 sleepcaps
  Ijyb (D:5)
  Terence (D:2)
  Natasha (thrice) (D:4)
  15 orc wizards
  7 hell rats (Lair:5)
  A shapeshifter simulacrum (IceCv)
  3 ogre zombies (D:11)
  Robin (D:2)
  7 adders
  3 gnolls (D:9)
  2 shadow imps
  2 white imps
  A ribbon worm (Lair:2)
  2 dart slugs (D:4)
  47 orcs
  3 ball pythons (D:3)
  A bat (D:2)
  2 endoplasms
  5 giant cockroaches
  13 goblins
  4 hobgoblins
  2 frilled lizards
  3 gnoll skeletons (D:11)
  A gnoll zombie (D:11)
  30 kobolds
  An orc skeleton (D:11)
  20 orc zombies (D:11)
  A rat (D:3)
  4 tentacles (Shoals:3)
829 creatures vanquished.

Vanquished Creatures (others)
  An orc wizard (D:5)
  4 tentacles (Shoals:3)
5 creatures vanquished.

Grand Total: 834 creatures vanquished

Notes
Turn   | Place    | Note
-------+----------+-------------------------------------------
     0 | D:1      | browni3141 the Minotaur Fighter began the quest for the
                  | Orb.
     0 | D:1      | Reached XP level 1. HP: 19/19 MP: 0/0
   127 | D:2      | Reached skill level 3 in Axes
   188 | D:2      | Noticed Terence
   194 | D:2      | Killed Terence
   195 | D:2      | Reached XP level 2. HP: 21/27 MP: 1/1
   195 | D:2      | Reached XP level 3. HP: 25/33 MP: 2/2
   199 | D:2      | Noticed Robin
   205 | D:2      | Reached skill level 4 in Axes
   217 | D:2      | Killed Robin
   301 | D:3      | Reached XP level 4. HP: 41/41 MP: 3/3
   507 | D:3      | Reached skill level 5 in Axes
   767 | D:4      | Noticed Grinder
   777 | D:4      | Paralysed by Grinder for 4 turns
   787 | D:4      | Killed Grinder
   788 | D:4      | Reached skill level 5 in Fighting
   788 | D:4      | Reached skill level 6 in Axes
   788 | D:4      | Reached XP level 5. HP: 44/50 MP: 4/4
   788 | D:4      | Reached XP level 6. HP: 51/57 MP: 5/5
   834 | D:4      | Reached skill level 7 in Axes
   840 | D:4      | Noticed Natasha
   849 | D:4      | Reached XP level 7. HP: 39/64 MP: 6/6
   849 | D:4      | Killed Natasha
   872 | D:4      | Reached skill level 8 in Axes
   890 | D:4      | Noticed Natasha
   900 | D:4      | Killed Natasha
   915 | D:4      | Noticed Natasha
   929 | D:4      | Killed Natasha
  1250 | D:4      | Found a blossoming altar of Fedhas.
  1761 | D:5      | Entered Level 5 of the Dungeon
  1957 | D:5      | Found a staircase to the Ecumenical Temple.
  1970 | D:5      | Noticed Ijyb
  1989 | D:5      | Killed Ijyb
  2166 | D:5      | Reached skill level 9 in Axes
  2188 | Temple   | Entered the Ecumenical Temple
  2203 | Temple   | Became a worshipper of Warmaster Okawaru
  2385 | D:5      | Found a bloodstained altar of Trog.
  2660 | D:5      | Reached XP level 8. HP: 71/73 MP: 7/7
  3030 | D:6      | Reached skill level 10 in Axes
  3186 | D:6      | Reached * piety under Okawaru
  3441 | D:6      | Reached skill level 11 in Axes
  3623 | D:6      | Reached XP level 9. HP: 36/83 MP: 5/8
  4229 | D:7      | Reached skill level 1 in Invocations
  4334 | D:8      | Noticed an elephant
  4360 | D:7      | Killed an elephant
  4361 | D:7      | Reached skill level 12 in Axes
  4631 | D:7      | Reached ** piety under Okawaru
  5004 | D:8      | Noticed Maggie
  5009 | D:8      | Found a staircase to the Lair.
  5009 | D:8      | Noticed a komodo dragon
  5020 | D:8      | Reached skill level 13 in Axes
  5026 | D:8      | Killed Maggie
  5027 | D:8      | Reached skill level 10 in Fighting
  5027 | D:8      | Reached skill level 5 in Invocations
  5027 | D:8      | Reached XP level 10. HP: 33/93 MP: 10/12
  5203 | D:8      | Reached *** piety under Okawaru
  5544 | D:8      | Noticed Psyche
  5550 | D:8      | Killed Psyche
  5685 | D:8      | Found a shadowy altar of Dithmenos.
  5690 | D:8      | Found a burning altar of Makhleb.
  5690 | D:8      | Found an opulent altar of Gozag.
  5703 | D:8      | Found a glowing silver altar of Zin.
  5705 | D:8      | Found a basalt altar of Yredelemnul.
  6180 | Lair:1   | Entered Level 1 of the Lair of Beasts
  6201 | Lair:1   | Reached **** piety under Okawaru
  6353 | Lair:1   | Noticed a death yak
  6353 | Lair:1   | Noticed a death yak
  6354 | Lair:1   | Noticed a death yak
  6368 | Lair:1   | Killed a death yak
  6369 | Lair:1   | Reached skill level 14 in Axes
  6372 | Lair:1   | Killed a death yak
  6384 | Lair:1   | Killed a death yak
  6475 | Lair:1   | Got the Quarto of the Captivating Crypt
  6479 | Lair:1   | Reached ***** piety under Okawaru
  6489 | Lair:1   | Noticed a cane toad
  6497 | Lair:1   | Killed a cane toad
  6498 | Lair:1   | Reached XP level 11. HP: 97/102 MP: 15/15
  6522 | Lair:1   | Got the Catalogue of Ghastly Vapour
  6775 | Lair:1   | Reached skill level 15 in Axes
  7145 | Lair:2   | Identified the +10 war axe of the Beast {venom, rPois
                  | Stlth+}
  7394 | Lair:2   | Found a hole to the Spider Nest.
  7490 | Lair:2   | Received a gift from Okawaru
  7536 | Lair:2   | Identified the +1 robe "Emoalaw" {MP+9 Str+3}
  7580 | Lair:2   | Found a shimmering blue altar of Sif Muna.
  7932 | Lair:3   | Reached skill level 16 in Axes
  7986 | Lair:3   | Reached skill level 10 in Invocations
  8039 | Lair:3   | Reached XP level 12. HP: 72/112 MP: 18/18
  8120 | Lair:3   | Gained mutation: Your system is resistant to poisons.
                  | (rPois) [potion of mutation]
  8120 | Lair:3   | Gained mutation: You are occasionally teleported next to
                  | monsters. [potion of mutation]
  8120 | Lair:3   | Gained mutation: Your muscles are strong. (Str +4, Int/Dex
                  | -1) [potion of mutation]
  8158 | Lair:3   | Noticed a five-headed hydra
  8165 | Lair:3   | Killed a one-headed hydra
  8318 | Lair:3   | Received a gift from Okawaru
  8389 | Lair:3   | Lost mutation: Your system is resistant to poisons. (rPois)
                  | [potion of mutation]
  8389 | Lair:3   | Lost mutation: You are occasionally teleported next to
                  | monsters. [potion of mutation]
  8389 | Lair:3   | Lost mutation: Your muscles are strong. (Str +4, Int/Dex
                  | -1) [potion of mutation]
  8389 | Lair:3   | Gained mutation: You are frail. (-10% HP) [potion of
                  | mutation]
  8389 | Lair:3   | Gained mutation: You are covered in fur. (AC +1) [potion of
                  | mutation]
  8389 | Lair:3   | Gained mutation: You are covered in thick fur. (AC +2)
                  | [potion of mutation]
  8390 | Lair:3   | Lost mutation: You are covered in thick fur. (AC +2)
                  | [potion of mutation]
  8390 | Lair:3   | Lost mutation: You are covered in fur. (AC +1) [potion of
                  | mutation]
  8390 | Lair:3   | Lost mutation: You are frail. (-10% HP) [potion of
                  | mutation]
  8390 | Lair:3   | Gained mutation: Potions are less effective at restoring
                  | your health. [potion of mutation]
  8390 | Lair:3   | Gained mutation: You are strong-willed. (Will+) [potion of
                  | mutation]
  8390 | Lair:3   | Gained mutation: You are agile. (Dex +4, Str/Int -1)
                  | [potion of mutation]
  8608 | Lair:3   | Found an opulent altar of Gozag.
  8830 | Lair:3   | Found a staircase to the Shoals.
  8835 | Lair:3   | Reached skill level 17 in Axes
  8849 | Lair:3   | Reached ****** piety under Okawaru
  8912 | Lair:3   | Acquired a +2 broad axe of venom
  8912 | Lair:3   | Received a gift from Okawaru
  8919 | Lair:3   | Acquired the +11 plate armour "Pikych" {^Contam Will++}
  8919 | Lair:3   | Received a gift from Okawaru
  9088 | Lair:4   | Noticed a four-headed hydra
  9099 | Lair:4   | Killed a ten-headed hydra
  9099 | Lair:4   | Received a gift from Okawaru
  9173 | Lair:4   | Found a frozen archway.
  9186 | IceCv    | Entered an ice cave
  9217 | IceCv    | Noticed a quicksilver ooze
  9229 | IceCv    | Killed a quicksilver ooze
  9230 | IceCv    | Reached skill level 5 in Armour
  9471 | IceCv    | Noticed a quicksilver ooze
  9478 | IceCv    | Killed a quicksilver ooze
  9478 | IceCv    | Received a gift from Okawaru
  9631 | IceCv    | Reached XP level 13. HP: 122/122 MP: 20/20
  9654 | IceCv    | Found a viscous altar of Jiyva.
  9654 | IceCv    | Noticed an azure jelly
  9659 | IceCv    | Killed an azure jelly
  9660 | IceCv    | Reached skill level 5 in Shields
  9670 | IceCv    | Noticed a quicksilver ooze
  9682 | IceCv    | Killed a quicksilver ooze
  9772 | IceCv    | Identified the +1 ring mail of Meppuv {*Slow rF+++ rC++
                  | Dex-5}
  9778 | IceCv    | Got the ring "Nukk" {Ice ^Drain Will+ rCorr Stlth+}
 10022 | Lair:4   | Found a staircase to the Slime Pits.
 10035 | Lair:4   | Received a gift from Okawaru
 10622 | Lair:5   | Entered Level 5 of the Lair of Beasts
 10701 | Lair:5   | Received a gift from Okawaru
 10798 | Lair:5   | Reached skill level 1 in Throwing
 11009 | Lair:5   | Received a gift from Okawaru
 11143 | Lair:5   | Reached skill level 18 in Axes
 11146 | Lair:5   | Reached XP level 14. HP: 81/132 MP: 22/22
 11684 | Lair:5   | HP: 6/132 [fire dragon/blast of flame (16)]
 12268 | D:9      | Received a gift from Okawaru
 12390 | D:9      | Identified the +7 long sword of Eriug {venom, Int+4}
 12859 | D:10     | Entered Level 10 of the Dungeon
 12859 | D:10     | Noticed Josephine
 12862 | D:10     | Killed Josephine
 12943 | D:10     | Found a runed translucent gate.
 12943 | D:10     | Found a runed translucent gate.
 12943 | D:10     | Found a runed translucent gate.
 12952 | D:10     | Reached skill level 5 in Throwing
 12996 | D:10     | Identified the blade talisman of the Mind {Int+3 Dex+6}
 13016 | D:10     | Noticed Erolcha
 13021 | D:10     | Killed Erolcha
 13171 | D:10     | Found a runed translucent gate.
 13184 | D:10     | Found a runed translucent gate.
 13185 | D:10     | Found a runed translucent gate.
 13445 | D:10     | Noticed Nergalle
 13453 | D:10     | Killed Nergalle
 13454 | D:10     | Reached skill level 10 in Armour
 14032 | D:10     | Found a runed translucent gate.
 14032 | D:10     | Found a runed translucent gate.
 14033 | D:10     | Noticed jestert79's ghost (novice TrSh)
 14033 | D:10     | Noticed a cacodemon
 14037 | D:10     | Found a runed translucent gate.
 14050 | D:10     | Killed jestert79's ghost
 14054 | D:10     | Received a gift from Okawaru
 14059 | D:10     | Killed a cacodemon
 14099 | D:10     | Gained mutation: You are vulnerable to heat. (rF-)
                  | [mutagenic glow]
 14234 | D:10     | Lost mutation: You are agile. (Dex +4, Str/Int -1) [potion
                  | of mutation]
 14234 | D:10     | Lost mutation: Potions are less effective at restoring your
                  | health. [potion of mutation]
 14234 | D:10     | Gained mutation: Your mind is acute. (Int +4, Str/Dex -1)
                  | [potion of mutation]
 14235 | D:10     | Lost mutation: You are vulnerable to heat. (rF-) [potion of
                  | mutation]
 14235 | D:10     | Lost mutation: You are strong-willed. (Will+) [potion of
                  | mutation]
 14235 | D:10     | Gained mutation: You are partially covered in iridescent
                  | scales. (AC +2) [potion of mutation]
 14235 | D:10     | Gained mutation: A frigid envelope surrounds you and
                  | freezes all who hurt you. [potion of mutation]
 14235 | D:10     | Gained mutation: You expend magic power (3 MP) to
                  | strengthen your wands. [potion of mutation]
 14235 | D:10     | Gained mutation: Your system is resistant to poisons.
                  | (rPois) [potion of mutation]
 14255 | D:11     | Noticed Maurice
 14260 | D:11     | Maurice stole 10 boomerangs
 14265 | D:11     | Killed Maurice
 14546 | D:11     | Noticed Erica
 14560 | D:11     | Killed Erica
 14561 | D:11     | Found a staircase to the Orcish Mines.
 14961 | Orc:1    | Entered Level 1 of the Orcish Mines
 14974 | Orc:1    | Received a gift from Okawaru
 15299 | Orc:1    | Noticed Sonja
 15305 | Orc:1    | Killed Sonja
 15474 | Orc:1    | Found Izuquk's Weapon Shop.
 15482 | Orc:1    | Bought a throwing net for 36 gold pieces
 15623 | Orc:2    | Entered Level 2 of the Orcish Mines
 15623 | Orc:2    | Found a staircase to the Elven Halls.
 15636 | Orc:2    | Noticed an orc warlord
 15656 | Orc:2    | Reached XP level 15. HP: 40/139 MP: 24/24
 15658 | Arena    | Entered the Arena
 15799 | Orc:2    | Found Rigext's Jewellery Boutique.
 15852 | Orc:2    | Found Juostrigo's Antique Weapon Emporium.
 16049 | Orc:2    | Reached skill level 15 in Fighting
 16137 | Orc:2    | Found Utsig Xipn's Antique Armour Shop.
 16172 | Orc:2    | Found Zodola Uxto's General Store.
 16180 | Orc:2    | Bought a potion of enlightenment for 70 gold pieces
 16180 | Orc:2    | Bought a wand of mindburst (3) for 58 gold pieces
 16297 | Orc:2    | Noticed Donald
 16308 | Orc:2    | Killed Donald
 16308 | Orc:2    | Received a gift from Okawaru
 16917 | Spider:1 | Entered Level 1 of the Spider Nest
 17135 | Spider:1 | Noticed Roxanne
 17516 | Spider:2 | Received a gift from Okawaru
 17707 | Spider:4 | Entered Level 4 of the Spider Nest
 17715 | Spider:4 | Reached skill level 10 in Shields
 18145 | Spider:4 | Received a gift from Okawaru
 18191 | Spider:4 | Reached XP level 16. HP: 150/150 MP: 22/25
 18281 | Spider:4 | Noticed Arachne
 18302 | Spider:4 | Killed Arachne
 18303 | Spider:4 | Reached skill level 10 in Throwing
 18307 | Spider:4 | Received a gift from Okawaru
 18950 | Spider:4 | Received a gift from Okawaru
 19089 | Spider:4 | Got a milky-white gem with 312 turns to spare
 19092 | Spider:4 | Got a gossamer rune of Zot
 19349 | Shoals:1 | Entered Level 1 of the Shoals
 19519 | Shoals:3 | Noticed a kraken
 19529 | Shoals:3 | Killed a kraken
 19750 | Shoals:3 | Received a gift from Okawaru
 20167 | Shoals:4 | Entered Level 4 of the Shoals
 20178 | Shoals:4 | Reached skill level 15 in Armour
 20350 | Shoals:4 | Received a gift from Okawaru
 20402 | Shoals:4 | Reached XP level 17. HP: 91/159 MP: 26/26
 20469 | Shoals:4 | Noticed a sphinx
 20485 | Shoals:4 | Got a barnacled rune of Zot
 20488 | Shoals:4 | Noticed a sphinx
 20665 | Slime:1  | Entered Level 1 of the Pits of Slime
 20665 | Slime:1  | Noticed an acid blob
 20665 | Slime:1  | Noticed an acid blob
 20675 | Slime:1  | Noticed an acid blob
 20678 | Slime:1  | Killed an acid blob
 20683 | Slime:1  | Killed an acid blob
 20697 | Lair:4   | Killed an acid blob
 20703 | Lair:4   | Slain by a rockslime

Illustrated notes

Levels and vault maps discovered:
D:1:      matt_arrival_refuge, layout_basic
D:2:      cheibrodos_fertilizer, layout_rooms, uniq_robin, uniq_jessica,
          uniq_terence
D:3:      layout_loops_cross
D:4:      layout_basic, fedhas_altar_2, serial_library_hellmonk_room_c,
          minivault_25, uniq_natasha, uniq_grinder
D:5:      layout_basic, lightli_temple_of_fire, minmay_temple_entry_wispy,
          uniq_ijyb
D:6:      layout_basic, minmay_circle_x
D:7:      layout_rooms, serial_rivers, chequers_serial_rivers_small_b,
          chequers_serial_rivers_micro_d, chequers_serial_rivers_micro_c,
          chequers_serial_rivers_micro_e
D:8:      layout_basic, minmay_overflow_temple_star_hex,
          grunt_lair_entry_orc_guard_hut, serial_co_window_serial,
          co_window_paths_b, co_window_corner_a, co_window_corner_a,
          co_window_corner_a, co_window_corner_a, co_window_paths_c,
          co_window_cross_4, co_window_cross_3, co_window_paths_c, uniq_maggie,
          uniq_psyche
D:9:      layout_stronghold
D:10:     lemuel_bear_cage, layout_grid_maze,
          ploomutoo_gammafunk_ghost_potion_laboratory,
          chequers_serial_rivers_small_b, palyth_stone_intersect,
          uniq_josephine, uniq_nergalle, uniq_erolcha
D:11:     layout_loops_cross, zombieorc2_lemuel, uniq_erica, uniq_maurice
Temple:   hellmonk_temple_of_storms
Lair:1:   hellmonk_ruined_rings, layout_gridlike, chequers_serial_rivers_small_3
Lair:2:   layout_big_grid, nicolae_spider_entry_non_spiders, basic_altar
Lair:3:   layout_layer_cave, minmay_shoals_entry_beasts, basic_altar,
          serial_bayou_pond_c, chequers_serial_rivers_micro_d
Lair:4:   layout_hall_layers, minmay_slime_entry_pillars, portal_ice_cave_rime,
          st_stairs_5, grunt_megastairs_3, infiniplex_staircase_pool_2
Lair:5:   guppyfry_lair_end_dragon, layout_regular_city
Shoals:1: layout_shoals
Shoals:2: dreamdust_from_the_deep, layout_shoals, nicolae_shoals_mertower,
          uniq_frances
Shoals:3: layout_shoals, uniq_polyphemus
Shoals:4: shoals_end_hellmonk_lost_city
Spider:1: nicolae_spider_hilbert_zone_5 [nicolae_spider_hilbert_3_sides_1_open,
          nicolae_spider_hilbert_4_sides_1_open,
          nicolae_spider_hilbert_4_sides_1_open,
          nicolae_spider_hilbert_6_sides_1_open,
          nicolae_spider_hilbert_6_sides_1_open], uniq_roxanne
Spider:2: layout_spider_delve, uniq_jorgrun, uniq_asterion
Spider:3: layout_spider_delve
Spider:4: johnstein_spider_rune_arachne_lair
Slime:1:  layout_caves
Orc:1:    layout_diamond_mine, serial_shops, nicolae_shop_bloodbath_and_beyond,
          uniq_sonja
Orc:2:    grunt_orc_gardens, layout_caves, grunt_orc_garden, grunt_orc_garden,
          grunt_orc_garden, grunt_orc_garden, uniq_donald

Skill      XL: |  1  2  3  4  5  6  7  8  9 10 11 12 13 14 15 16 |
---------------+-------------------------------------------------+-----
Axes           | 3 4 6 7 9 11 13 14 16 17 18 | 18.0
Fighting       | 4 5 6 7 9 10 11 12 13 14 15 16 | 16.7
Invocations    | 5 7 10 11 12 14 | 14.0
Armour         | 5 8 11 13 15 | 15.6
Shields        | 4 6 8 10 13 | 13.6
Throwing       | 3 7 9 11 | 11.9

Action                     |  1- 3 |  4- 6 |  7- 9 | 10-12 | 13-15 | 16-18 || total
---------------------------+-------+-------+-------+-------+-------+-------++-------
  Melee: War axe           |    39 |    39 |   144 |   394 |    99 |       ||   715
         Headbutt          |     4 |     4 |    52 |    94 |   213 |   121 ||   488
         Hand axe          |       |       |   142 |       |       |       ||   142
         Broad axe         |       |       |       |    35 |   844 |   452 ||  1331
  Throw: Javelin           |       |       |       |       |    15 |     5 ||    20
         Boomerang         |       |       |       |       |     4 |    25 ||    29
 Invoke: Heroism           |       |       |     4 |    10 |    12 |     5 ||    31
         Receive Weapon    |       |       |       |     1 |       |       ||     1
         Receive Armour    |       |       |       |     1 |       |       ||     1
         Finesse           |       |       |       |       |     2 |     3 ||     5
         Duel              |       |       |       |       |     1 |       ||     1
  Evoke: Wand              |       |       |       |     3 |     3 |       ||     6
    Use: Potion            |       |       |     1 |     7 |     7 |       ||    15
         Scroll            |       |       |       |    15 |     2 |     9 ||    26
 Armour: Scale mail        |    32 |    34 |    64 |       |       |       ||   130
         Chain mail        |       |       |   167 |   247 |       |       ||   414
         Plate armour      |       |       |       |    90 |   931 |   392 ||  1413
  Dodge: Dodged            |    20 |    18 |   105 |   123 |   301 |   162 ||   729
  Block: Buckler           |    13 |     9 |    91 |   112 |   252 |       ||   477
         Kite shield       |       |       |       |       |   144 |   284 ||   428
         Reflection        |       |       |       |       |       |    26 ||    26
